 Dungeon Crawl Stone Soup version 0.25-a0-930-g9f5dfa9815 (webtiles) character file.

Game seed: 12100284407007692369, levelgen mode: deterministic

8262 mortelune the Archer (level 11, -6/100 HPs)
             Began as a Centaur Hunter on May 3, 2020.
             Was a Priest of Okawaru.
             Killed from afar by a gargoyle (19 damage)
             ... with a stone arrow
             ... on level 10 of the Dungeon.
             The game lasted 00:29:54 (16132 turns).

mortelune the Archer (Centaur Hunter)              Turns: 16132, Time: 00:29:54

Health: -6/100     AC:  9    Str: 18    XL:     11   Next: 7%
Magic:  18/20      EV: 12    Int: 10    God:    Okawaru [***...]
Gold:   498        SH:  0    Dex: 10    Spells: 10/10 levels left

rFire    . . .     SeeInvis +   b - +3 halberd (freeze)
rCold    . . .     Gourm    .   (shield currently unavailable)
rNeg     . . .     Faith    .   E - +0 leather armour {rPois}
rPois    +         Spirit   .   o - +0 helmet
rElec    .         Reflect  .   r - +1 cloak
rCorr    .         Harm     .   n - +0 pair of gloves
MR       .....                  (no barding)
Stlth    ++........             (no amulet)
HPRegen  0.26/turn              d - ring of magical power
MPRegen  0.17/turn              S - ring of see invisible

@: heroism, very quick
A: large, hooves 3, deformed body, speed 2, tough skin 3
a: Heroism, Renounce Religion


You were on level 10 of the Dungeon.
You worshipped Okawaru.
Okawaru was most pleased with you.
You were not hungry.

You visited 2 branches of the dungeon, and saw 11 of its levels.

You collected 498 gold pieces.

Inventory:

Hand Weapons
 a - a +2 shortbow
 b - a +3 halberd of freezing (weapon)
 h - a +0 short sword
 F - a +0 spear
 K - a +0 trident
Missiles
 g - 21 poisoned darts (quivered)
 Q - 99 arrows
Armour
 c - a +0 leather armour
 l - a scarf of cloud immunity
 n - a +0 pair of gloves (worn)
 o - a +0 helmet (worn)
 r - a +1 cloak (worn)
 E - a +0 leather armour of poison resistance (worn)
 J - a +0 helmet
 M - a +1 leather armour of magic resistance
Magical Staves
 w - an uncursed staff of wizardry
Jewellery
 d - a ring of magical power (left hand)
 m - an uncursed amulet of the acrobat
 u - an uncursed ring of flight
 H - an uncursed ring of fire
 O - an uncursed amulet of the acrobat
 S - a ring of see invisible (right hand)
Wands
 D - a wand of digging (4)
 N - a wand of random effects (15)
 R - a wand of acid (10)
Scrolls
 i - 8 scrolls of identify
 j - 3 scrolls of remove curse
 s - a scroll of immolation
 v - 2 scrolls of amnesia
 y - 2 scrolls of acquirement {unknown}
 P - a scroll of enchant armour
Potions
 e - 2 potions of berserk rage
 k - a potion of flight {unknown}
 p - 2 potions of might
 q - 3 potions of ambrosia
 t - 4 potions of curing
 x - 2 potions of degeneration {unknown}
 z - 2 potions of haste
 A - 3 potions of cancellation
 B - a potion of lignification {unknown}
 G - a potion of mutation {unknown}
 I - a potion of invisibility {unknown}
 L - a potion of brilliance {unknown}
Comestibles
 f - 9 rations
 C - 9 chunks of flesh


   Skills:
 + Level 10.2(15.2) Fighting
 + Level 8.8(13.8) Polearms
 + Level 13.6(18.6) Bows
 - Level 1.3(6.3) Dodging
 - Level 0.4(5.4) Stealth


You had 10 spell levels left.
You didn't know any spells.
Your spell library contained the following spells:

 Spells                   Type           Power        Failure   Level  Hunger
 Corona                   Hex            #......      41%         1    ##.....
 Ensorcelled Hibernation  Hex/Ice        #.....       56%         2    ###....
 Confusing Touch          Hex            #.......     80%         3    ####...
 Dazzling Flash           Conj/Hex       #.....       80%         3    ####...
 Tukima's Dance           Hex            #.......     80%         3    ####...


Dungeon Overview and Level Annotations

Branches:
Dungeon (10/15)            Temple (1/1) D:5            Lair (0/6) D:8
    Orc: D:9-12

Altars:
Ashenzari
Cheibriados
Dithmenos
Elyvilon
Fedhas
Gozag
Hepliaklqana
Kikubaaqudgha
Makhleb
Nemelex Xobeh
Okawaru
Qazlal
Ru
Trog
Uskayaw
Vehumet
Wu Jian
Xom
Yredelemnul
Zin
The Shining One
Lugonu

Annotations:
D:2 Sigmund


Innate Abilities, Weirdness & Mutations

You have hooves in place of feet.
Armour fits poorly on your strangely shaped body.
You cover ground very quickly.
You have extremely tough skin. (AC +3)


Message History

The gargoyle hurls a stone arrow at you.
The stone arrow hits you!!
* * * LOW HITPOINT WARNING * * *
You hit the gargoyle but do no damage.
You kick the gargoyle, but do no damage.
The gargoyle is almost destroyed.
The gargoyle hurls a stone arrow at you.
The stone arrow hits you!
* * * LOW HITPOINT WARNING * * *
You hit the gargoyle but do no damage.
You kick the gargoyle, but do no damage.
The gargoyle is almost destroyed.
The gargoyle hits you with a +0 mace!
* * * LOW HITPOINT WARNING * * *
You feel better. The gargoyle hits you with a +0 mace.
* * * LOW HITPOINT WARNING * * *
You gain the combat prowess of a mighty hero.
The gargoyle hurls a stone arrow at you.
The stone arrow hits you!!
You die...

##....##...###
#......(.....#
#....[.......#
#............#
#...(........#
####.(####...###
#...(.####...#
##.9.........#
#@..........#
#...........#
#...........#
#....[......#
#....##.....#
##...##.[...##.
##...##........
#.....#........
#.....'.......#


You could see a gargoyle.

Vanquished Creatures
  Harold (D:6)
  A queen bee (D:7)
  A troll (D:8)
  3 hippogriffs
  4 yaks (D:8)
  2 basilisks (D:8)
  2 hungry ghosts
  Duvessa (D:4)
  A water moccasin (D:5)
  A black bear (D:8)
  An ice beast (D:9)
  2 orc warriors
  A sky beast (D:6)
  3 phantoms
  5 ogres
  2 necrophages
  3 centaurs
  A crocodile (D:8)
  A bullfrog (D:8)
  5 scorpions
  Dowan (D:4)
  22 killer bees
  3 wights (D:6)
  10 howler monkeys
  An electric eel (D:6)
  9 crimson imps
  A bullfrog zombie (D:7)
  A centaur zombie (D:8)
  A centaur skeleton (D:9)
  3 hounds
  A bullfrog skeleton (D:7)
  A gnoll shaman (D:8)
  6 orc priests
  2 iguanas
  10 orc wizards
  6 worker ants
  2 hound zombies
  A worker ant zombie (D:9)
  A howler monkey skeleton (D:6)
  16 adders
  15 gnolls
  2 shadow imps
  2 adder skeletons (D:4)
  3 adder zombies
  2 worms
  A dart slug (D:4)
  5 leopard geckos
  49 orcs
  2 giant cockroaches
  9 hobgoblins
  8 jackals
  8 quokkas
  A ball python (D:3)
  4 bats
  3 frilled lizards
  5 goblins
  4 kobolds
  2 leopard gecko skeletons (D:5)
  A leopard gecko zombie (D:5)
  2 rats (D:3)
267 creatures vanquished.

Notes
Turn   | Place    | Note
-------+----------+-------------------------------------------
     0 | D:1      | mortelune the Centaur Hunter began the quest for the Orb.
     0 | D:1      | Reached XP level 1. HP: 17/17 MP: 1/1
   655 | D:1      | Reached XP level 2. HP: 25/25 MP: 2/2
   939 | D:2      | Found a shattered altar of Ashenzari.
  1300 | D:2      | Reached skill level 6 in Bows
  1300 | D:2      | Reached XP level 3. HP: 28/30 MP: 3/3
  1815 | D:2      | Noticed Sigmund
  1854 | D:3      | Reached XP level 4. HP: 38/38 MP: 4/4
  2766 | D:3      | Reached skill level 1 in Polearms
  2769 | D:3      | Reached XP level 5. HP: 43/46 MP: 5/5
  3271 | D:4      | Noticed Dowan
  3322 | D:3      | Reached skill level 7 in Bows
  3705 | D:4      | Noticed an ogre
  3713 | D:4      | Killed an ogre
  3713 | D:4      | Reached XP level 6. HP: 47/53 MP: 6/6
  3966 | D:4      | Found a white marble altar of Elyvilon.
  4112 | D:4      | Found a bloodstained altar of Trog.
  4257 | D:4      | Noticed Duvessa
  4421 | D:5      | Entered Level 5 of the Dungeon
  4656 | D:4      | Killed Dowan
  4656 | D:4      | Reached skill level 8 in Bows
  4656 | D:4      | Reached XP level 7. HP: 60/60 MP: 7/7
  4768 | D:4      | Killed Duvessa
  4768 | D:4      | Reached skill level 5 in Fighting
  5918 | D:4      | Reached skill level 9 in Bows
  5948 | D:4      | Reached XP level 8. HP: 58/70 MP: 8/8
  6764 | D:5      | Found a radiant altar of Vehumet.
  6901 | D:5      | Reached skill level 5 in Polearms
  6901 | D:5      | Reached skill level 10 in Bows
  6993 | D:5      | Found a shimmering altar of Xom.
  7042 | D:5      | Found an iron altar of Okawaru.
  7097 | D:5      | Found a staircase to the Ecumenical Temple.
  7248 | Temple   | Entered the Ecumenical Temple
  7906 | D:6      | Reached XP level 9. HP: 53/79 MP: 9/9
  8123 | D:6      | Found a sparkling altar of Nemelex Xobeh.
  8143 | D:6      | Found a stormy altar of Qazlal.
  8177 | D:5      | Became a worshipper of Warmaster Okawaru
  8478 | D:6      | Found a glowing golden altar of the Shining One.
  9180 | D:7      | Reached skill level 11 in Bows
  9261 | D:7      | Reached * piety under Okawaru
  9543 | D:7      | Noticed Harold
  9929 | D:6      | Killed Harold
  9933 | D:6      | Reached skill level 12 in Bows
 10138 | D:7      | Reached XP level 10. HP: 89/89 MP: 10/10
 10171 | D:7      | Reached ** piety under Okawaru
 10829 | D:7      | Found a basalt altar of Yredelemnul.
 10984 | D:7      | Found an opulent altar of Gozag.
 11204 | D:8      | Found a staircase to the Lair.
 12024 | D:8      | Found a radiant altar of Vehumet.
 12159 | D:7      | HP: 3/90 [poisoned by a killer bee]
 14290 | D:8      | Reached skill level 13 in Bows
 14770 | D:8      | Found a snail-covered altar of Cheibriados.
 15224 | D:8      | Reached *** piety under Okawaru
 15224 | D:8      | Reached skill level 10 in Fighting
 15535 | D:9      | Found a sparkling altar of Nemelex Xobeh.
 15564 | D:9      | Reached XP level 11. HP: 84/99 MP: 11/11
 15842 | D:9      | Found an ornate altar of the Wu Jian Council.
 15905 | D:10     | Entered Level 10 of the Dungeon
 16130 | D:10     | HP: 4/100 [gargoyle/+0 mace (14)]
 16132 | D:10     | Killed from afar by a gargoyle

Levels and vault maps discovered:
D:1:      scummos_arrival_checkerplants, layout_rooms, serial_co_window_serial,
          co_window_paths_a, co_window_of_opportunity_a, co_window_paths_a,
          co_window_paths_a, co_window_paths_a, co_window_paths_a,
          co_window_cross_1, co_window_of_opportunity_c, co_window_corner_cb,
          co_window_of_opportunity_b, co_window_broadway_c,
          co_window_broadway_a, glass_columns_b, glass_columns_b,
          glass_columns_c, glass_columns_a, glass_columns_c
D:2:      layout_basic, old_standard_altar, ashenzari_altar_1, uniq_sigmund,
          uniq_terence
D:3:      layout_loops_cross
D:4:      layout_gridville, kennysheep_little_box, lemuel_doored_altar,
          first_ration, uniq_duvessa
D:5:      layout_gridville, nicolae_overflow_hidden_temple, led_xom_imps,
          vehumet_crystals, minmay_temple_entry_gardened_gates
D:6:      layout_rooms, lemuel_crystal_altar, nicolae_qazlal_style_of_elements,
          minmay_crystal_water, nemelex_diamond_rough_becter
D:7:      layout_layer_cave, old_standard_altar, basic_altar, uniq_harold
D:8:      layout_loops_ring, marbit_many_paths, david_lair_generic,
          david_nohive_1, solitary_fountain, lemuel_tele_altar
D:9:      layout_big_octagon, kennysheep_mini, lemuel_coloured_pillars_altar
D:10:     minmay_slanted_spiral_squares, layout_gridville, uniq_fannar,
          uniq_psyche
Temple:   corrupted_temple

Skill      XL: |  1  2  3  4  5  6  7  8  9 10 |
---------------+-------------------------------+-----
Bows           | 6 7 8 9 10 12 13 | 13.6
Fighting       | 3 4 5 7 8 10 | 10.2
Polearms       | 1 2 4 5 7 8 |  8.8
Dodging        | |  1.3
Stealth        | |  0.4

Action                   |  1- 3 |  4- 6 |  7- 9 | 10-12 || total
-------------------------+-------+-------+-------+-------++-------
Melee: Short sword       |    44 |    10 |       |       ||    54
       Kick              |     8 |    26 |    38 |    50 ||   122
       Spear             |       |   141 |    62 |       ||   203
       Trident           |       |       |    95 |       ||    95
       Halberd           |       |       |    53 |   219 ||   272
 Fire: Shortbow          |    55 |    49 |   261 |   241 ||   606
Throw: Dart              |     3 |     2 |       |       ||     5
Invok: Heroism           |       |       |       |     4 ||     4
  Use: Scroll            |       |     3 |    11 |     1 ||    15
       Potion            |       |       |     2 |     2 ||     4
  Eat: Chunk             |     1 |     8 |    14 |     8 ||    31
       Ration            |       |       |     1 |     3 ||     4
Armor: Leather armour    |    40 |    52 |   125 |   116 ||   333
Dodge: Dodged            |    25 |    63 |   145 |   138 ||   371

Table legend:
 A = Non-vault XP
 B = Vault XP
 C = Vault XP percentage of total XP
 D = Non-vault monster count
 E = Vault monster count
 F = Vault count percentage of total count
                 A         B        C        D         E       F
            +---------+---------+-------+---------+---------+-------
      Total |    8363 |    3440 |  29.1 |     241 |      26 |   9.7
            +---------+---------+-------+---------+---------+-------
        D:1 |      17 |       0 |   0.0 |      10 |       0 |   0.0
        D:2 |      66 |       0 |   0.0 |      15 |       0 |   0.0
        D:3 |     149 |       0 |   0.0 |      28 |       0 |   0.0
        D:4 |     595 |     360 |  37.7 |      20 |       5 |  20.0
        D:5 |    1276 |      48 |   3.6 |      43 |       1 |   2.3
        D:6 |     827 |     987 |  54.4 |      21 |       1 |   4.5
        D:7 |    1776 |     634 |  26.3 |      36 |       6 |  14.3
        D:8 |    2387 |    1411 |  37.2 |      47 |      13 |  21.7
        D:9 |     753 |       0 |   0.0 |      14 |       0 |   0.0
       D:10 |     517 |       0 |   0.0 |       7 |       0 |   0.0
            +---------+---------+-------+---------+---------+-------
